 Dungeon Crawl Stone Soup version 0.18.1-48-g4cf74bf (webtiles) character file.

112 juanjsm the Digger (level 4, 0/24 HPs)
             Began as a Gargoyle Earth Elementalist on July 8, 2016.
             Slain by a jackal (3 damage)
             ... on level 3 of the Dungeon.
             The game lasted 00:10:48 (2389 turns).

juanjsm the Digger (Gargoyle Earth Elementalist)    Turns: 2389, Time: 00:10:49

Health: 0/24       AC:  8    Str: 12    XL:     4   Next: 95%
Magic:  1/9        EV: 10    Int: 16    God:
Gold:   111        SH:  0    Dex: 10    Spells: 2 memorised, 6 levels left

rFire  . . .     SeeInvis .     b - 79 stones
rCold  . . .     Gourm    .     a - +0 robe
rNeg   + . .     Faith    .     (no shield)
rPois  ∞         Spirit   .     (no helmet)
rElec  +         Dismiss  .     j - +1 cloak
rCorr  .         Reflect  .     o - +0 pair of gloves
SustAt .         Harm     .     (no boots)
MR     .....                    (no amulet)
Stlth  ++........               (no ring)
                                e - -2 ring of evasion (curse)

@: very slightly contaminated, not resistant to hostile enchantments, unstealthy
A: negative energy resistance 1, electricity resistance, unbreathing,
petrification resistance, rot immunity, AC +3
a: no special abilities


You were on level 3 of the Dungeon.
You were not hungry.

You visited 1 branch of the dungeon, and saw 4 of its levels.

You collected 111 gold pieces.

Inventory:

Hand Weapons
 f - a +1 dagger of flaming
 l - a +0 whip
 u - a +0 dagger of venom
Missiles
 b - 79 stones (in hand)
Armour
 a - a +0 robe (worn)
 j - a +1 cloak (worn)
 o - a +0 pair of gloves (worn)
 C - the +5 scale mail "Umnihis" {rPois rF+ rC+, unknown}
   (You found it on level 4 of the Dungeon)

   It protects you from fire.
   It protects you from cold.
   It protects you from poison.
Jewellery
 e - a cursed -2 ring of evasion (left hand)
Scrolls
 h - 2 scrolls of enchant armour {unknown}
 m - 2 scrolls of identify {unknown}
 p - 2 scrolls of immolation {unknown}
 r - a scroll of magic mapping {unknown}
 v - a scroll of teleportation {unknown}
 w - 4 scrolls of amnesia {unknown}
 y - a scroll of enchant weapon {unknown}
Potions
 i - 3 potions of flight {unknown}
 n - a potion of heal wounds {unknown}
 q - a potion of brilliance {unknown}
 t - a potion of invisibility {unknown}
 x - a potion of might {unknown}
 B - a potion of mutation {unknown}
Books
 c - a book of Geomancy

   Spells                             Type                      Level
   a - Sandblast                      Earth                        1
   b - Passwall                       Transmutation/Earth          2
   c - Stone Arrow                    Conjuration/Earth            3
   d - Petrify                        Transmutation/Earth          4
   e - Lee's Rapid Deconstruction     Earth                        5
Comestibles
 d - 3 bread rations
 g - 5 chunks of flesh
 k - 3 meat rations
 s - a beef jerky
 z - a slice of pizza
 A - 3 fruits


   Skills:
 - Level 1.5 Dodging
 - Level 2.1 Stealth
 * Level 3.8 Spellcasting
   Level 0.7 Transmutations
 + Level 4.9 Earth Magic


You had 6 spell levels left.
You knew the following spells:

 Your Spells              Type           Power        Failure   Level  Hunger
a - Sandblast             Erth           ###...       2%          1    None
b - Stone Arrow           Conj/Erth      ##....       21%         3    ###....


Dungeon Overview and Level Annotations

Branches:
Dungeon (4/15)
 Temple: D:4-7

Altars:
Ashenzari


Innate Abilities, Weirdness & Mutations

You are resistant to torment.
Your stone body is resilient (AC +3).
You are immune to poison.
You resist negative energy.
You are resistant to electric shocks.
You can survive without breathing.
You are immune to petrification.
You are immune to rotting.


Message History

Press: ? - help, Shift-Dir - straight line, f/p - jackal
Aim: a jackal (lightly wounded)
The rocky blast hits the jackal.
The jackal is lightly wounded.
The jackal bites you but does no damage.
The jackal bites you.
* * * LOW HITPOINT WARNING * * *
The quokka closely misses you.
The jackal bites you but does no damage.
Casting: Sandblast
Confirm with . or Enter, or press ? or * to list all spells.
Aiming: Sandblast
Press: ? - help, Shift-Dir - straight line, f/p - jackal
Aim: a jackal (lightly wounded)
The rocky blast hits the jackal.
The jackal is almost dead.
The jackal bites you but does no damage.
The quokka barely misses you. The jackal closely misses you.
The jackal bites you.
You die...

#..........############
#..........#
#..........#
#..........#
#..........#
#..........#
#..........############
#....hh................
#.....@................
#......r...######.#####
#.................## #
########...........# #
#...........## #
#............# #
#..........#.# #
#..........#.# #
#....(.....#.###


You could see a quokka and 2 jackals.

Vanquished Creatures
  Ijyb (D:3)
  A worker ant (D:4)
  An adder (D:2)
  An ooze (D:2)
  3 worms (D:3)
  A dart slug (D:2)
  4 orcs
  2 bats
  4 giant cockroaches
  3 goblins
  4 hobgoblins
  A jackal (D:4)
  4 kobolds (D:1)
  A quokka (D:2)
  2 giant newts
  4 rats
37 creatures vanquished.

Notes
Turn   | Place    | Note
--------------------------------------------------------------
     0 | D:1      | juanjsm the Gargoyle Earth Elementalist began the quest for the Orb.
     0 | D:1      | Reached XP level 1. HP: 10/10 MP: 3/3
   559 | D:1      | Reached XP level 2. HP: 15/15 MP: 3/5
  1024 | D:2      | Reached skill level 4 in Earth Magic
  1255 | D:2      | Reached XP level 3. HP: 19/19 MP: 4/7
  1260 | D:2      | Learned a level 3 spell: Stone Arrow
  1514 | D:2      | Found a faded altar to an unknown god.
  1760 | D:3      | You fall through a shaft!
  1766 | D:4      | Reached XP level 4. HP: 17/24 MP: 5/9
  1955 | D:3      | Noticed Ijyb
  1989 | D:3      | Killed Ijyb
  2268 | D:4      | Found a shattered altar of Ashenzari.
  2275 | D:4      | Got a scorched scale mail
  2389 | D:3      | Slain by a jackal

Skill      XL: |  1  2  3 |
---------------+----------+-----
Earth Magic    | 4 |  4.9
Spellcasting   | 3 |  3.8
Dodging        | |  1.5
Stealth        | |  2.1
Transmutations | |  0.7

Action                   |  1- 3 |  4- 6 || total
-------------------------+-------+-------++-------
Melee: Unarmed           |     3 |       ||     3
       Whip              |    27 |     3 ||    30
 Cast: Sandblast         |    66 |    53 ||   119
 Stab: Sleeping          |     1 |       ||     1
  Eat: Chunk             |     3 |     2 ||     5
Armor: Robe              |    35 |    26 ||    61
Dodge: Dodged            |    32 |    23 ||    55
